 Dungeon Sprint DCSS version 0.29.1-2-gbd0b4ee654 (webtiles) character file.

Game seed: 8139009105215452192

96 Zeld the Chopper (level 4, 56/66 HPs)
             Began as a Minotaur Berserker on Nov 1, 2022.
             Was a Believer of Trog.
             Quit the game in the Dungeon (Sprint IV: "Fedhas' Mad Dash").
             The game lasted 00:00:13 (643 turns).

Zeld the Chopper (Minotaur Berserker)                Turns: 643, Time: 00:00:14

Health: 56/66      AC:  2    Str: 24    XL:     4   Next: 41%
Magic:  3/3        EV: 13    Int:  4    God:    Trog [**....]
Gold:   26         SH:  0    Dex:  9    Spells: 3/3 levels left

rFire   . . .      SeeInvis .   a - +0 hand axe
rCold   . . .      Faith    .   (no shield)
rNeg    . . .      Spirit   .   b - +0 animal skin
rPois   .          Reflect  .   (helmet restricted)
rElec   .          Harm     .   (no cloak)
rCorr   .          Rampage  .   (no gloves)
Will    .....      NoTele   +   (no boots)
Stlth   ..........              (no amulet)
HPRegen 0.21/turn               (no ring)
MPRegen 0.08/turn               (no ring)

@: berserking (expiring), mildly poisoned (56 -> 55), very quick
A: horns 2, retaliatory headbutt
a: Renounce Religion, Berserk, Trog's Hand


You were in the Dungeon.
You worshipped Trog.
Trog was pleased with you.
You visited 1 branch You collected 26 gold pieces.

Inventory:

Hand Weapons
 a - a +0 hand axe (weapon)
Armour
 b - a +0 animal skin (worn)
Scrolls
 h - a scroll of blinking
Potions
 c - a potion of curing
 d - a potion of heal wounds
 e - a potion of haste
 f - 2 potions of magic
 g - a potion of berserk rage


   Skills:
 + Level 5.9 Fighting
 * Level 7.6 Axes
 + Level 5.2 Armour
 + Level 4.7 Dodging


You had 3 spell levels left.
You didn't know any spells.
Your spell library was empty.

Dungeon Overview and Level Annotations

Branches:
Dungeon (1/1)

Altars:


Innate Abilities, Weirdness & Mutations

You have a pair of horns on your head.
You reflexively headbutt those who attack you in melee.


Message History

You recover from your berserk rage.
You start waiting.
Done waiting.
You start waiting.
Done waiting.
A scorpion comes into view.
Found the amulet of invisibility {+Inv}.
You see here 13 gold pieces.
A red film seems to cover your vision as you go berserk!
You feel yourself moving faster!
You feel mighty!
You can no longer call upon Trog for regeneration and willpower.
You closely miss the scorpion. You headbutt the scorpion!
The scorpion is almost dead.
The scorpion stings you.
You are poisoned.
The scorpion poisons you!
You barely miss the scorpion.
The scorpion is almost dead.
You feel sick. The scorpion stings you.
You closely miss the scorpion.
The scorpion is almost dead.
You feel sick.
You slash the scorpion!
You kill the scorpion!
Trog accepts your kill.
You can now call upon Trog for regeneration and willpower.
Your Fighting skill increases to level 5!
Your Axes skill increases to level 7!
Your Armour skill increases to level 5!
Your Dodging skill increases to level 4!
You have reached level 4!
You feel stronger.
No target in view!
You feel sick.
You now have 13 gold pieces.
You feel sick.
You start resting.
You feel a strong urge to attack something.
You feel sick.
You now have 26 gold pieces (gained 13).
You feel sick.
Are you sure you want to abandon this character and quit the game? (Confirm with "yes".)

##################
#<..P#.....#.@.$$#
#PP..'.[...'.#[!.+
#PPPP#.....#.#"..#
###############+##


There were no monsters in sight!

Vanquished Creatures
  A scorpion (D)
  An oklob sapling (D)
  A river rat (D)
  A rat (D)
4 creatures vanquished.

Notes
Turn   | Place    | Note
-------+----------+-------------------------------------------
     0 | D        | Zeld the Minotaur Berserker began the quest for the Orb.
     0 | D        | Reached XP level 1. HP: 19/19 MP: 0/0
    12 | D        | Reached skill level 4 in Axes
    12 | D        | Reached XP level 2. HP: 15/27 MP: 1/1
   390 | D        | Noticed an oklob sapling
   393 | D        | Killed an oklob sapling
   393 | D        | Reached ** piety under Trog
   394 | D        | Reached skill level 6 in Axes
   394 | D        | Reached XP level 3. HP: 35/35 MP: 2/2
   632 | D        | Noticed a scorpion
   632 | D        | Found the amulet of invisibility {+Inv}
   637 | D        | Killed a scorpion
   638 | D        | Reached skill level 5 in Fighting
   638 | D        | Reached skill level 7 in Axes
   638 | D        | Reached skill level 5 in Armour
   638 | D        | Reached XP level 4. HP: 44/44 MP: 3/3
   643 | D        | Quit the game

Illustrated notes

Levels and vault maps discovered:
D:        dungeon_sprint_fedhas [sprint_temple]

Skill      XL: |  1  2  3 |
---------------+----------+-----
Fighting       | 4 5 |  5.9
Axes           | 4 6 7 |  7.6
Armour         | 3 4 5 |  5.2
Dodging        | 3 4 |  4.7

Action                   |  1- 3 |  4- 6 || total
-------------------------+-------+-------++-------
Melee: Hand axe          |    10 |       ||    10
       Headbutt          |     4 |       ||     4
Invok: Berserk           |     3 |       ||     3
Dodge: Dodged            |     1 |       ||     1
